cohdb
Replays
Latest Replays
All Replays
Popular Replays
Top Player Replays
Match Explorer
How It Works
Community
CoH3 Stats
Reddit
Sign in to upload your games and track your stats! →
Sign in with Steam
Match 43811804
Unlisted
Match 43811804
Overview
Messages
Build Orders
End
Vickers Machine Gun Team
Construct Section Command Post
Infantry Section
Infantry Section
ML 3-inch Mortar Team
Construct Platoon Command Post
CMP 15cwt Truck
Infantry Section
Royal Engineer Section
Infantry Section
Grenade Package
Pepsl都能可乐
Reaper_Krew92
admiral_gnar
Terran
Minihumor
toigli
Fable
A BÜNTETŐ
0
0
Comments
sign in to comment!
No comments posted yet!